 Dungeon Crawl Stone Soup version 0.27.1-1-g398f81649c (webtiles) character file.

Game seed: 7392341004872360200

11 hawla the Sneak (level 2, -3/18 HPs)
             Began as a Deep Elf Delver on Sept 5, 2021.
             Slain by a sky beast (5 damage)
             ... on level 5 of the Dungeon.
             The game lasted 00:01:00 (203 turns).

hawla the Sneak (Deep Elf Delver)                    Turns: 203, Time: 00:01:02

Health: -3/18      AC:  3    Str:  9    XL:     2   Next: 13%
Magic:  4/4        EV: 12    Int: 14    God:
Gold:   0          SH:  0    Dex: 16    Spells: 1/1 levels left

rFire    . . .     SeeInvis .   a - +0 short sword
rCold    . . .     Faith    .   (no shield)
rNeg     . . .     Spirit   .   b - +0 leather armour
rPois    .         Reflect  .   (no helmet)
rElec    .         Harm     .   (no cloak)
rCorr    .         Rampage  .   (no gloves)
Will     .....                  (no boots)
Stlth    +++.......             (no amulet)
HPRegen  0.06/turn              (no ring)
MPRegen  0.09/turn              (no ring)

@: no status effects
A: no striking features
a: no special abilities


You were on level 5 of the Dungeon.
You visited 1 branch of the dungeon, and saw 1 of its levels.

Inventory:

Hand Weapons
 a - a +0 short sword (weapon)
Armour
 b - a +0 leather armour (worn)
Wands
 g - a wand of digging (3)
 h - a wand of mindburst (14)
Scrolls
 c - a scroll of fog
Potions
 f - a potion of haste


   Skills:
 + Level 2.5 Fighting
 + Level 2.1 Short Blades
 + Level 2.4 Dodging
 + Level 6.4 Stealth


You had one spell level left.
You didn't know any spells.
Your spell library was empty.

Dungeon Overview and Level Annotations

Branches:
Dungeon (5/15)             Temple (0/1) D:5

Altars:

Annotations:
D:5 Prince Ribbit


Message History

You hit the howler monkey zombie.
You destroy the howler monkey zombie!
You have reached level 2!
You start resting.
HP restored.
A sky beast comes into view.
As you read the scroll of fear, it crumbles to dust.
You assume a fearsome visage.
The sky beast looks frightened!
As you read the scroll of magic mapping, it crumbles to dust.
You feel aware of your surroundings.
Found an orange potion.
An iguana and a sky beast come into view.
Found a staircase to the Ecumenical Temple.
The iguana hisses angrily.
The iguana bites you.
You hit the iguana but do no damage.
The sky beast flickers out of sight!
Deactivating autopickup; reactivate with Ctrl-A.
The iguana barely misses you.
You closely miss the iguana.
A sky beast appears from thin air!
Reactivating autopickup.
The iguana bites you but does no damage.
You closely miss the iguana. The iguana misses you.
You hit the iguana but do no damage. The sky beast closely misses you.
The iguana misses you.
You hit the iguana but do no damage.
The sky beast flickers out of sight!
Deactivating autopickup; reactivate with Ctrl-A.
Something hits you but does no damage.
You barely miss the iguana. The iguana misses you. Something hits you.
Something shocks you.
You hit the iguana.
The iguana is moderately wounded.
The iguana closely misses you. Something hits you but does no damage.
You hit the iguana but do no damage.
The iguana is moderately wounded.
The iguana bites you.
* * * LOW HITPOINT WARNING * * *
Something hits you.
* * * LOW HITPOINT WARNING * * *
Something shocks you.
You die...

****,**,,* #.# ,,,,,**,,* #.#
*******,,* #.# *,,* #.#
**,.######.#########
*,,.Y..............#
******,,.######.#######.#######**
*,,,,,,,,.##...{...# #........,,
,,**,,,,....!8.8@8.# #.#########
****,***..#...⌠l⌠..# #..........
*,* *,,##.8.>.8.# #.######...
*,***,,*#..⌠.⌠..# #..........
*,**,*,#..8.8.8.# #..###.#.#.
*,*,**#.........# #..# #.#.#.
*,**,*.####..#### #..###.#.#.
****,***,,* #.#* #..........
,,**,* **,** *,* ##.##.##(#.


You could see an iguana.

Vanquished Creatures
  A howler monkey zombie (D:5)
1 creature vanquished.

Notes
Turn   | Place    | Note
-------+----------+-------------------------------------------
     0 | D:5      | hawla the Deep Elf Delver began the quest for the Orb.
     0 | D:5      | Reached XP level 1. HP: 13/13 MP: 3/3
    17 | D:5      | Noticed Prince Ribbit
    44 | D:5      | Reached XP level 2. HP: 10/18 MP: 4/4
   182 | D:5      | Noticed a sky beast
   190 | D:5      | Found a staircase to the Ecumenical Temple.
   190 | D:5      | Noticed a sky beast
   203 | D:5      | Slain by a sky beast

Illustrated notes

Levels and vault maps discovered:
D:5:      layout_loops_ring, minmay_temple_entry_statues_fountains,
          minmay_misc_feat_enclosed, uniq_edmund, uniq_prince_ribbit1,
          uniq_ijyb, uniq_grinder

Action                   || total
-------------------------++-------
Melee: Short sword       ||    22
  Use: Scroll            ||     2
Armor: Leather armour    ||     6
Dodge: Dodged            ||    14
